 Dungeon Crawl Stone Soup version 0.16-a0-282-ga87e286 (webtiles) character file.

9771110 Letchik the Meteorologist (level 27, 261/261 HPs)
             Began as a Green Draconian Conjurer on Aug 26, 2014.
             Was the Champion of Vehumet.
             Escaped with the Orb
             ... and 15 runes on Aug 31, 2014!
             The game lasted 1day 05:20:52 (174527 turns).

Letchik the Meteorologist (DrCj)               Turns: 174527, Time: 1, 05:20:52

HP 261/261       AC 32     Str 13      XL: 27
MP  32/48        EV 28     Int 29      God: Vehumet [******]
Gold 9206        SH 20     Dex 17      Spells: 13 memorised,  3 levels left

rFire  + + +     SeeInvis +     b - staff of energy
rCold  + + .     Clarity  .     (armour unavailable)
rNeg   + + +     rCorr    +     B - +5 shield {AC+3}
rPois  +         rRot     +     O - +2 hat
rElec  +         Spirit   .     X - +2 cloak {+Inv}
SustAb +         Warding  .     Y - +2 pair of gloves of Boafaob {Str+3 Dex+4}
rMut   .         Stasis   .     I - +1 pair of boots of Fedhas' Pride {rF+ Dex+1}
Gourm  .                        v - amulet "Puschuo" {rCorr rElec rN+}
MR     +++..                    n - ring "Deted" {SustAb +Blink rC+ SInv}
                                Z - cursed ring of the Ancient Seas {rPois rF++ rN+ SInv}

@: lich-form, flying, very slightly contaminated, deflect missiles, extremely
resistant to hostile enchantments, unstealthy
A: (breathe noxious fumes), unfitting armour, stinger 1, poison resistance,
cold-blooded, AC +13
a: End Transformation, Renounce Religion, Evoke Blink, Evoke Invisibility
0: Orb of Zot
}: 15/15 runes: decaying, slimy, silver, golden, iron, obsidian, icy, bone,
abyssal, demonic, glowing, magical, fiery, dark, gossamer


You escaped.
You worshipped Vehumet.
Vehumet was exalted by your worship.
You were not hungry.
You were in lich-form.
You visited 17 branches of the dungeon, and saw 96 of its levels.
You visited Pandemonium 2 times, and saw 57 of its levels.
You visited the Abyss 4 times.
You visited 1 Ziggurat, and saw 16 of its levels.
You also visited: Ice Cave, Volcano and Wizlab.

You collected 15109 gold pieces.
You spent 5112 gold pieces at shops.

Inventory:

Hand weapons
 a - the +3 Elemental Staff {rElec rF++ rC++ MR++ AC+5}
   (You found it on level 3 of the Tomb of the Ancients)

   It affects your AC (+5).
   It greatly protects you from fire.
   It greatly protects you from cold.
   It insulates you from electricity.
   It affects your resistance to hostile enchantments.
 y - the cursed +4 Staff of Dispater
   (You took it off Dispater on level 7 of the Iron City of Dis)

   It has a curse placed upon it.
Armour
 B - a +5 shield of protection (worn)
 I - the +1 pair of boots of Fedhas' Pride (worn) {rF+ Dex+1}
   (You bought it in a shop on level 2 of the Vaults)

   It affects your dexterity (+1).
   It protects you from fire.
 O - a +2 hat (worn)
 X - a +2 cloak of darkness (worn)
 Y - the +2 pair of gloves of Boafaob (worn) {Str+3 Dex+4}
   (You found it on level 10 of a ziggurat)

   It affects your strength (+3).
   It affects your dexterity (+4).
Magical devices
 d - a wand of digging (10)
 j - a wand of hasting (4)
 k - a wand of heal wounds (0)
 m - a wand of teleportation (8)
 G - a wand of teleportation (0)
 N - a wand of fire (15)
 P - a wand of hasting (1)
 U - a wand of disintegration (1)
Comestibles
 w - 11 bread rations
Scrolls
 i - 4 scrolls of summoning
 o - 14 scrolls of immolation
 p - 49 scrolls of identify
 q - 38 scrolls of remove curse
 s - 16 scrolls of recharging
 z - 2 scrolls of torment
 J - 8 scrolls of fog
 W - 7 scrolls of blinking
Jewellery
 f - a cursed amulet of resist mutation
 n - the ring "Deted" (right hand) {SustAb +Blink rC+ SInv}
   (You found it on level 3 of the Tomb of the Ancients)

   [ring of sustain abilities]

   It sustains your strength, intelligence and dexterity.
   It protects you from cold.
   It enhances your eyesight.
   It lets you blink.
 u - the ring of Coronation {+cTele Int+4}
   (You took it off a daeva in Pandemonium)

   [ring of teleport control]

   It can be evoked for teleport control.
   It affects your intelligence (+4).
 v - the amulet "Puschuo" (around neck) {rCorr rElec rN+}
   (You found it on level 14 of a ziggurat)

   [amulet of resist corrosion]

   It protects you from acid and corrosion.
   It insulates you from electricity.
   It protects you from negative energy.
 E - an uncursed amulet of clarity
 K - a cursed amulet of stasis
 L - the cursed amulet of Donak {Ward rPois rN+}
   (You bought it in a shop on level 9 of the Dungeon)

   [amulet of warding]

   It may prevent the melee attacks of summoned creatures.
   It protects you from poison.
   It protects you from negative energy.
   It has a curse placed upon it.
 S - the ring of Ewud {+Inv rC+ Int+1}
   (You took it off a fire giant on level 5 of the Vaults)

   [ring of intelligence]

   It affects your intelligence (+1).
   It protects you from cold.
   It lets you turn invisible.
 Z - the cursed ring of the Ancient Seas (left hand) {rPois rF++ rN+ SInv}
   (You found it on level 3 of the Elven Halls)

   [ring of positive energy]

   It greatly protects you from fire.
   It protects you from poison.
   It protects you from negative energy.
   It enhances your eyesight.
   It has a curse placed upon it.
Potions
 e - 17 potions of curing
 g - 11 potions of brilliance
 h - 12 potions of haste
 l - 9 potions of restore abilities
 x - 2 potions of resistance
 H - a potion of cure mutation
 Q - 2 potions of magic
 R - 3 potions of cancellation
Books
 r - a book of the Warp

   Spells                             Type                      Level
   Control Teleport                   Charms/Translocation         4
   Phase Shift                        Translocation                5
   Warp Weapon                        Charms/Translocation         5
   Dispersal                          Translocation                6
   Controlled Blink                   Translocation                7
   Disjunction                        Translocation                8
Magical staves
 b - an uncursed staff of energy (weapon)
Miscellaneous
 t - a phial of floods
 A - a phial of floods
 C - a crystal ball of energy
 D - a legendary deck of summonings {the Crusade}
 T - a stone of tremors (inert)


   Skills:
 - Level 24.0 Fighting
 - Level 12.0 Staves
 - Level 20.0 Dodging
 - Level 17.0 Stealth
 - Level 19.0 Shields
 - Level 23.0 Spellcasting
 - Level 21.0 Conjurations
 + Level 17.9 Charms
 - Level 23.0 Necromancy
 - Level 19.0 Transmutations
   Level 6.2 Ice Magic
 O Level 27 Air Magic
 - Level 21.0 Earth Magic
   Level 7.4 Poison Magic
 - Level 22.0 Evocations


You had 3 spell levels left.
You knew the following spells:

 Your Spells              Type           Power        Failure   Level  Hunger
a - Magic Dart            Conj           ####         0%          1    N/A
b - Lehudib's Crystal Sp  Conj/Erth      ########..   1%          8    N/A
c - Orb of Destruction    Conj           ########..   1%          7    N/A
d - Deflect Missiles      Chrm/Air       ########..   1%          6    N/A
e - Chain Lightning       Conj/Air       ########..   1%          8    N/A
f - Flight                Chrm/Air       ########..   0%          3    N/A
g - Tornado               Air            ########..   1%          9    N/A
h - Death's Door          Chrm/Necr      ########..   1%          8    N/A
i - Necromutation         Trmt/Necr      ########..   1%          8    N/A
j - Haste                 Chrm           #######.     1%          6    N/A
k - Sublimation of Blood  Necr           ########..   0%          2    N/A
l - Apportation           Tloc           ####......   1%          1    N/A
m - Blink                 Tloc           N/A          1%          2    N/A

Dungeon Overview and Level Annotations

Branches:
Dungeon (15/15)            Temple (0/1) D:5             Orc (4/4) D:12
    Elf (3/3) Orc:4          Lair (8/8) D:10          Swamp (5/5) Lair:4
 Spider (5/5) Lair:4        Slime (6/6) Lair:7       Vaults (5/5) D:14
  Crypt (3/3) Vaults:3       Tomb (3/3) Crypt:3      Depths (5/5) D:15
   Hell (1/1)                 Dis (7/7) Hell            Geh (7/7) Hell
    Coc (7/7) Hell            Tar (7/7) Hell            Zot (5/5) Depths:5

Altars:
Ashenzari
Cheibriados
Dithmenos
Elyvilon
Fedhas
Kikubaaqudgha
Makhleb
Nemelex Xobeh
Qazlal
Sif Muna
Trog
Vehumet
Yredelemnul
Zin
The Shining One
Beogh

Shops:
D:9 =?(*   D:12 (   Orc:4 ?((*   Elf:2 ?   Elf:3 *   Vaults:1 [(*:=:
Vaults:2 [(

Portals:
Hell: Depths:1 Depths:2 Depths:3 Depths:4 Depths:5
Abyss: Depths:1 Depths:4
Pandemonium: Depths:3 Depths:5
Ziggurat: Depths:3

Annotations:
Swamp:5 Asterion
Geh:7 Asmodeus
Coc:7 Antaeus
Tar:7 Ereshkigal


Innate Abilities, Weirdness & Mutations

((You can breathe blasts of noxious fumes.))
Your lurid green scales are hard (AC +13).
Your body does not fit into most forms of armour.
Your tail ends in a poisonous barb.
Your system is resistant to poisons.
Your cold-blooded metabolism reacts poorly to cold.


Message History

Zapping:
k - a wand of heal wounds (4)
Press: ? - help, Shift-Dir - straight line, f - you You feel much better.
This wand has 3 charges left.
Evoke which item? (* to show all) (? for menu, Esc to quit)
Zapping:
k - a wand of heal wounds (3)
Press: ? - help, Shift-Dir - straight line, f - you You feel much better.
This wand has 2 charges left.
Evoke which item? (* to show all) (? for menu, Esc to quit)
Zapping:
k - a wand of heal wounds (2)
Press: ? - help, Shift-Dir - straight line, f - you You feel much better.
This wand has 1 charge left.
Evoke which item? (* to show all) (? for menu, Esc to quit)
Zapping:
k - a wand of heal wounds (1)
Press: ? - help, Shift-Dir - straight line, f - you You feel much better.
This wand has 0 charges left.
A shadow imp comes into view.
Casting: Lehudib's Crystal Spear
Confirm with . or Enter, or press ? or * to list all spells.
Your body is suffused with negative energy!
You have escaped!

.####...#.#########...####.......
.'..%....................+.......
.###....##################.......
## #.#.###≈≈≈≈≈≈≈≈≈≈≈≈≈# ##......
# #.### #≈≈≈≈≈≈≈≈≈≈≈≈≈# ##.....
#.# #≈≈≈≈5≈≈≈≈≈≈≈≈# ##...# ## #.#
#≈≈≈≈≈≈≈≈≈≈≈≈≈# ##'## .# #.#
#≈≈≈≈≈...≈≈≈≈≈# ##.## .# #.#
#≈≈≈≈..L..≈≈≈≈# #.... .# #.#
#≈≈≈≈≈...≈≈≈≈≈# #..## .###.#
#≈≈≈≈≈≈≈≈≈≈≈≈≈# ##.... .....#
#≈≈≈≈≈≈≈≈≈≈≈≈≈# #..... .#####
#≈≈≈≈≈≈≈≈≈≈≈≈≈######.... .#
#≈≈≈≈≈≈≈≈≈≈≈≈≈#......... .#
#≈≈≈≈≈≈≈≈≈≈≈≈≈#######.## .#
#≈≈≈≈≈≈≈≈≈≈≈≈≈# #.# ##
#≈≈≈≈≈≈≈≈≈≈≈≈≈# #.#


You could see a shadow imp.

Vanquished Creatures
  the Serpent of Hell (Coc:7)
  the royal jelly (Slime:6)
  Gloorx Vloq (Pan)
  Dispater (Dis:7)
  10 orbs of fire (Zot:5)
  Khufu (Crypt:1)
  8 ancient liches
  14 pandemonium lords
  40 greater mummies
  Saint Roka (Elf:3)
  A seraph (Pan)
  3 curse toes (Zot:5)
  Sojobo (Vaults:5)
  6 Killer Klowns
  Mara (Vaults:4)
  Mennas (Vaults:5)
  Geryon (Hell)
  8 golden dragons
  Jory (Tomb:2)
  2 pearl dragons (Pan)
  2 profane servitors
  Nikola (Lair:4)
  17 Brimstone Fiends
  5 electric golems
  6 bone dragons
  Arachne (Spider:2)
  14 Hell Sentinels
  A Hellbinder (WizLab)
  18 tentacled monstrosities
  3 hellephants
  14 Ice Fiends
  2 deep elf blademasters (Elf:3)
  26 Orb Guardians
  2 deep elf master archers (Elf:3)
  4 titans
  3 quicksilver dragons
  20 Shadow Fiends
  The ghost of SkaryMonk the Fetichist, a mighty OpAr of Dithmenos (Depths:2)
  4 octopode crushers
  8 liches
  An eldritch tentacle (Geh:5)
  A quicksilver dragon (shapeshifter) (Zig:15)
  A kraken (Abyss:3)
  40 Executioners
  27 acid blobs
  26 storm dragons
  9 blood saints
  14 tengu reavers
  27 tentacled starspawn
  A thorn hunter (Swamp:2)
  26 daevas
  Agnes (Spider:2)
  12 shadow dragons
  14 sphinxes
  Frances (Spider:2)
  Kirke (Elf:1)
  8 ancient champions
  2 revenants
  Roxanne (D:15)
  3 draconian monks
  10 azure jellies
  16 chaos champions
  An iron dragon (shapeshifter) (Zig:15)
  17 fire giants
  Wiglaf (Elf:3)
  9 iron dragons
  10 ghost moths
  18 vault wardens
  14 frost giants
  7 deep elf sorcerers
  The ghost of Zrachosh the Destroyer, a powerful DrCj of Sif Muna (Orc:4)
  40 balrugs
  Louise (Spider:4)
  9 draconian scorchers
  37 cacodemons
  A frost giant (shapeshifter) (Zig:15)
  13 emperor scorpions
  A draconian knight (Zot:1)
  5 orc warlords
  4 draconian zealots
  11 warmongers
  17 ghouls
  12 war gargoyles
  4 draconian shifters
  2 draconian annihilators (Zot:4)
  34 angels
  6 spriggan defenders
  11 deep elf demonologists
  3 draconian callers
  54 reapers
  25 very ugly things
  24 ophanim (Pan)
  28 stone giants
  A curse skull (Crypt:3)
  4 salamander firebrands
  3 grey draconians
  11 deep elf annihilators
  3 green draconians
  41 apis (Pan)
  4 red draconians
  Azrael (Spider:1)
  10 corrupters
  10 lorocyprocas
  3 mottled draconians
  4 white draconians
  11 dire elephants
  24 black suns
  4 vampire knights
  5 purple draconians
  2 black draconians
  6 pale draconians
  4 yellow draconians
  19 ettins
  Snorg (D:14)
  The ghost of Crauler the Basher, a powerful OgBe of Trog (D:11)
  38 green deaths
  8 death oozes
  4 eidola
  3 minotaurs
  A merfolk javelineer (Depths:2)
  3 quicksilver dragon zombies
  24 mummy priests
  29 vault guards
  21 fire dragons
  A merfolk impaler (Depths:3)
  40 blizzard demons
  12 deep elf death magi
  20 yaktaur captains
  7 death cobs
  17 ironheart preservers
  16 jiangshi
  6 deep elf high priests
  18 great orbs of eyes
  2 kraken zombies
  Fannar (D:13)
  33 ice dragons
  A quicksilver dragon skeleton (Tar:6)
  22 monstrous demonspawn (Pan)
  Nessos (Spider:1)
  39 hydras
  7 ghost crabs
  3 shambling mangroves
  A siren (Zig:16)
  7 death knights
  4 spriggan air magi
  A spectral stone giant (Crypt:3)
  3 dancing weapons
  18 rakshasas
  9 deep troll earth magi
  A spectral fire giant (Zig:11)
  9 alligators
  20 ogre magi
  10 centaur warriors
  5 orc high priests (Orc:4)
  5 vampire magi
  42 death yaks
  7 deep troll shamans
  7 spriggan berserkers
  3 tengu warriors
  10 titan zombies
  A spectral storm dragon (Zig:11)
  9 storm dragon zombies
  25 thrashing horrors
  A spriggan rider (Depths:5)
  9 catoblepae
  17 deep elf knights
  38 hell knights
  3 titan skeletons
  5 iron golems
  50 soul eaters
  102 skeletal warriors
  A fire crab (shapeshifter) (Zig:15)
  63 sun demons
  26 wretched stars
  41 ice devils
  32 deep trolls
  16 hell hogs
  23 orb spiders
  11 iron trolls
  25 shadow wraiths
  21 cherubim (Pan)
  2 unseen horrors
  9 wizards
  A storm dragon skeleton (Dis:5)
  A swamp dragon (shapeshifter) (Abyss:3)
  5 spatial maelstroms
  19 hell beasts
  5 death drakes
  A fire crab (Vaults:4)
  Erolcha (D:13)
  A ball lightning (Pan)
  5 golden dragon zombies
  18 torturous demonspawn
  13 hill giants
  A deep troll (shapeshifter) (Depths:4)
  6 anaconda zombies
  A kraken simulacrum (Coc:7)
  A death drake (shapeshifter) (Vaults:3)
  A ghost moth zombie (Tar:3)
  2 orb spiders (shapeshifter)
  19 deep elf summoners
  18 gelid demonspawn
  An ice statue (IceCv)
  4 harpies (Vaults:5)
  A silver statue (Zig:5)
  17 flayed ghosts
  7 giant orange brains
  17 infernal demonspawn
  18 ironbrand convokers
  23 shadow demons
  95 large abominations
  A lindwurm (shapeshifter) (Depths:2)
  A spectral hydra (Tomb:3)
  The ghost of haldagan the Chopper, an experienced MiAK of Lugonu (D:7)
  A harpy (shapeshifter) (Vaults:5)
  5 shadow dragon zombies
  4 golden dragon skeletons
  4 wolf spider zombies
  8 anaconda skeletons
  22 putrid demonspawn (Pan)
  2 sphinx zombies
  31 phantasmal warriors
  7 stone giant zombies
  63 ugly things
  10 swamp dragons
  An ugly thing zombie (Depths:3)
  A mana viper (shapeshifter) (Vaults:5)
  4 iron dragon zombies
  24 deep elf conjurers
  13 necromancers
  76 sixfirhies
  2 salamanders (Depths:5)
  5 frost giant zombies
  4 orc sorcerers
  50 hellions
  A red wasp (shapeshifter) (Abyss:4)
  7 shadow dragon skeletons
  11 worldbinders
  32 moths of wrath
  A draconian zombie (Zot:5)
  6 shining eyes
  9 cyclopes
  4 fire giant zombies
  3 elephants (shapeshifter)
  15 red wasps
  A shining eye (shapeshifter) (Vaults:5)
  A moth of wrath (shapeshifter) (Vaults:3)
  7 oklob plants (Zig:14)
  23 wolf spiders
  3 iron dragon skeletons
  15 orc knights
  2 shock serpent zombies
  22 elephants
  5 frost giant skeletons
  7 black mambas
  11 griffons
  2 toenail golems
  5 guardian serpents
  2 centaur zombies
  2 dire elephant zombies
  22 vault sentinels
  65 orange demons
  4 stone giant skeletons
  9 fire giant skeletons
  3 manticores
  46 iron devils
  4 gargoyles (Crypt:3)
  29 tormentors
  A spriggan zombie (Zig:12)
  6 spectral swamp worms (Tar:7)
  10 apocalypse crabs
  7 molten gargoyles
  7 titan simulacra
  64 smoke demons
  2 storm dragon simulacra (Coc:7)
  A feature mimic (Lair:3)
  6 torpor snails
  A yellow draconian zombie (Crypt:2)
  5 dire elephant skeletons
  34 spiny frogs
  3 eyes of devastation
  5 shock serpent skeletons
  An elf (shapeshifter) (Vaults:3)
  A centaur skeleton (D:12)
  3 emperor scorpion zombies
  57 hellwings
  68 yaktaurs
  27 demonic crawlers
  7 anaconda simulacra
  A spectral deep troll (Tomb:3)
  17 deep elf priests
  A spectral infernal demonspawn (Tomb:3)
  2 wandering mushrooms
  88 guardian mummies
  17 komodo dragons
  58 blue devils
  22 ancient zymes
  63 red devils
  14 efreet
  2 silent spectres
  5 tengu conjurers
  13 hydra zombies
  A death drake zombie (Crypt:1)
  6 fire drakes
  A minotaur zombie (Geh:7)
  A mottled draconian skeleton (Abyss:3)
  A spectral glowing shapeshifter (Zig:11)
  A troll (shapeshifter) (Vaults:4)
  39 two-headed ogres
  13 giant leeches
  29 jumping spiders
  20 trolls
  A wind drake (shapeshifter) (Abyss:3)
  37 freezing wraiths
  2 polar bears
  15 blink frogs
  6 fire vortices
  A wind drake (Zot:2)
  2 moth of wrath zombies (Zig:9)
  A catoblepas zombie (D:15)
  A wolf spider simulacrum (Crypt:1)
  104 slime creatures
  A catoblepas skeleton (Tar:6)
  16 bog bodies
  A spectral swamp dragon (Tomb:3)
  10 alligator zombies
  6 baby alligators
  7 fire dragon zombies
  10 hydra skeletons
  3 harpy skeletons
  27 ravens
  7 boulder beetles
  2 ettin zombies
  A red wasp zombie (Crypt:2)
  A shadow dragon simulacrum (Crypt:1)
  48 raiju
  A spectral manticore (Tomb:2)
  20 trapdoor spiders
  2 fire giant simulacra (Hell)
  2 basilisks
  41 shadows
  4 ice dragon zombies
  A trapdoor spider (shapeshifter) (Depths:4)
  2 dire elephant simulacra (IceCv)
  136 flying skulls
  4 black mamba zombies
  6 earth elementals (Pan)
  A fire dragon skeleton (Coc:7)
  A frost giant simulacrum (Zig:8)
  20 vampires
  36 water elementals
  38 wraiths
  11 air elementals
  A shock serpent simulacrum (Tomb:1)
  19 deep elf magi
  47 redbacks
  9 spriggans
  2 baby alligators (shapeshifter)
  2 alligator skeletons
  5 ettin skeletons
  49 starcursed masses
  64 neqoxecs
  2 ice dragon skeletons
  2 stone giant simulacra
  2 centaur simulacra
  2 hill giant zombies
  78 ynoxinuls
  A human (shapeshifter) (Vaults:2)
  2 steam dragons
  36 yaks
  33 tarantellas
  7 hogs (Elf:1)
  A yak (shapeshifter) (Depths:3)
  8 fire bats
  20 fire elementals
  4 wyverns
  12 hungry ghosts
  3 nagas
  An elf skeleton (Depths:3)
  A hill giant skeleton (D:8)
  4 harpy simulacra
  17 hippogriffs
  14 golden eyes
  29 chaos spawn
  2 soldier ants
  32 deep elf fighters
  26 vampire mosquitoes
  25 spatial vortices
  5 wargs
  A human zombie (D:12)
  A monstrous demonspawn zombie (Crypt:1)
  A yaktaur simulacrum (Vaults:4)
  15 wolves
  4 tengu zombies
  An iron troll simulacrum (Coc:6)
  35 swamp worms
  8 spiny frog zombies
  7 hydra simulacra
  A spectral raiju (Abyss:4)
  27 spiders
  40 water moccasins
  62 hell hounds
  4 mottled dragons
  3 swamp dragon zombies
  A merfolk skeleton (Crypt:2)
  20 swamp drakes
  3 spiny frog skeletons
  10 ice beasts
  12 porcupines
  19 necrophages
  68 orc warriors
  48 small abominations
  An ice dragon simulacrum (Crypt:1)
  A manticore zombie (Hell)
  A spider (shapeshifter) (Elf:3)
  A dwarf (shapeshifter) (Vaults:1)
  7 phantoms
  3 snapping turtle zombies
  16 yellow wasps
  2 alligator simulacra (IceCv)
  A boring beetle (shapeshifter) (Vaults:5)
  2 sky beasts
  26 crocodiles
  7 ettin simulacra
  3 black bears
  An elf simulacrum (Vaults:1)
  2 human skeletons (Vaults:4)
  A manticore skeleton (Geh:5)
  15 centaurs
  74 ogres
  6 boring beetles
  14 boggarts
  3 snapping turtle skeletons
  7 big kobolds
  A hill giant simulacrum (D:15)
  A hog zombie (Crypt:1)
  6 lost souls
  3 yaktaur zombies
  A spectral soldier ant (Tar:2)
  An elf zombie (Coc:6)
  The ghost of Herrn the Ruinous, an average TeCj (D:4)
  39 giant frogs
  A fire crab zombie (D:15)
  A hog skeleton (Crypt:2)
  A brain worm (Abyss:1)
  26 insubstantial wisps
  A komodo dragon skeleton (D:12)
  A hell hound zombie (Hell)
  A spectral warg (Tar:2)
  A cyclops zombie (D:15)
  10 scorpions
  A gnoll sergeant (D:7)
  2 spiny frog simulacra
  A cyclops skeleton (D:13)
  3 troll zombies
  An eye of draining (shapeshifter) (Elf:1)
  14 eyes of draining
  4 killer bees (D:7)
  A spectral dwarf (Crypt:2)
  The ghost of Bubba the Sneak, a weakling OpAs (D:3)
  15 crimson imps
  8 electric eels
  6 goliath beetles
  86 wights
  An orc simulacrum (Vaults:2)
  7 quasits
  A wolf skeleton (Crypt:1)
  A giant frog zombie (D:13)
  A black bear zombie (D:6)
  44 iron imps
  13 hounds
  2 draconian simulacra (IceCv)
  54 orc priests
  27 jellies
  9 worker ants
  2 giant frog skeletons
  16 iguanas
  21 orc wizards
  16 orange rats
  A polar bear simulacrum (IceCv)
  A spriggan simulacrum (IceCv)
  A porcupine skeleton (Crypt:2)
  20 sheep
  9 troll simulacra (IceCv)
  A wolf simulacrum (IceCv)
  A naga zombie (Dis:1)
  Jessica (D:3)
  3 ogre zombies
  A tengu skeleton (Coc:2)
  A mottled dragon skeleton (D:15)
  A naga skeleton (Crypt:1)
  68 mummies
  2 orange rat zombies (Hell)
  14 gnolls
  2 naga simulacra (IceCv)
  41 adders
  40 green rats
  A scorpion zombie (D:7)
  14 shadow imps
  An orc skeleton (D:5)
  29 white imps
  2 giant mites
  A goliath beetle zombie (D:7)
  2 worms
  112 ufetubi
  3 gnoll zombies (D:8)
  15 orc zombies
  An adder skeleton (D:7)
  5 giant eyeballs (Pan)
  9 giant geckos
  228 orcs
  8 ball pythons
  27 bats
  28 goblins
  26 hobgoblins
  7 jackals
  18 quokkas
  A ball python skeleton (D:5)
  A ball python zombie (D:4)
  4 giant cockroaches
  A giant cockroach zombie (D:5)
  A giant gecko skeleton (Crypt:1)
  5 giant newts
  A giant spore (D:12)
  A goblin skeleton (D:5)
  A goblin zombie (Zig:9)
  3 hobgoblin skeletons
  A hobgoblin zombie (Zig:9)
  45 kobolds
  A kobold zombie (Geh:5)
  4 lurking horrors
  13 rats
  6 ballistomycetes (D:12)
  4 bushes (D:15)
  2 crawling corpses (Vaults:1)
  An eldritch tentacle segment (Tar:7)
  7 fungi
  6 grand avatars
  24 plants
  37 starspawn tentacles
  5 starspawn tentacle segments
  6 tentacles
7078 creatures vanquished.

Vanquished Creatures (collateral kills)
  A corrupter (Pan)
  A deep troll (Vaults:1)
  An ugly thing (Vaults:1)
  2 iron devils (Dis:7)
  2 slime creatures
  A small abomination (Abyss:3)
  A shadow imp (Tar:7)
9 creatures vanquished.

Vanquished Creatures (others)
  A pandemonium lord (Zig:15)
  An ancient lich (Zot:5)
  2 eldritch tentacles
  A daeva (Pan)
  A cacodemon (Zig:16)
  An angel (Pan)
  A blood saint (Pan)
  A spectral titan (Zig:11)
  An ice dragon (D:15)
  2 hell hogs (Geh:5)
  A deep elf knight (Elf:1)
  3 ball lightnings (Pan)
  A tengu conjurer (Vaults:1)
  A large abomination (Abyss:1)
  A sixfirhy (Pan)
  A moth of wrath (Zot:4)
  2 smoke demons
  An efreet (Abyss:1)
  A red devil (Zig:15)
  A guardian mummy (Tomb:2)
  7 water elementals
  2 jumping spiders (Abyss:3)
  A bog body (Coc:7)
  5 trapdoor spiders (Abyss:3)
  An earth elemental (Pan)
  A redback (Crypt:1)
  A golden eye (Abyss:3)
  6 lost souls
  A troll skeleton (Geh:5)
  An iron imp (Abyss:4)
  A two-headed ogre zombie (Vaults:5)
  2 mummies
  5 white imps
  10 fulminant prisms
  11 ufetubi
  A lurking horror (Abyss:2)
  A bush (D:15)
  50 eldritch tentacle segments
  14 fungi
  24 plants
  40 starspawn tentacles
  357 starspawn tentacle segments
  17 tentacles
  128 tentacle segments
712 creatures vanquished.

Grand Total: 7799 creatures vanquished

Notes
Turn   | Place    | Note
--------------------------------------------------------------
     0 | D:1      | Letchik, the Draconian Conjurer, began the quest for the Orb.
     0 | D:1      | Reached XP level 1. HP: 14/14 MP: 3/3
   451 | D:1      | Reached XP level 2. HP: 20/20 MP: 3/5
   900 | D:1      | Learned a level 2 spell: Searing Ray
  1489 | D:2      | Reached XP level 3. HP: 26/26 MP: 1/6
  2412 | D:2      | Reached XP level 4. HP: 33/33 MP: 2/9
  2422 | D:1      | Learned a level 3 spell: Dazzling Spray
  2865 | D:2      | Found a radiant altar of Vehumet.
  2876 | D:2      | Found a glowing golden altar of the Shining One.
  2878 | D:2      | Found a sparkling altar of Nemelex Xobeh.
  2975 | D:2      | Found a glowing silver altar of Zin.
  3224 | D:3      | Noticed Bubba's ghost (weakling OpAs)
  3231 | D:3      | Killed Bubba's ghost
  3231 | D:3      | Reached skill level 5 in Conjurations
  3576 | D:3      | Reached XP level 5. HP: 38/38 MP: 7/12
  3597 | D:2      | Found a burning altar of Makhleb.
  3597 | D:2      | Found a shadowy altar of Dithmenos.
  3609 | D:2      | Became a worshipper of Vehumet
  3866 | D:3      | Learned a level 4 spell: Iskenderun's Mystic Blast
  4060 | D:3      | Noticed Jessica
  4071 | D:3      | Killed Jessica
  4455 | D:3      | Found a white marble altar of Elyvilon.
  4472 | D:3      | Gained mutation: You can breathe flames. [potion of mutation]
  4472 | D:3      | Gained mutation: You are covered in fur (AC +1). [potion of mutation]
  4472 | D:3      | Gained mutation: Your tail ends in a poisonous barb. [potion of mutation]
  4523 | D:4      | Noticed an ogre
  4571 | D:4      | Noticed Herrn's ghost (average TeCj)
  5026 | D:4      | Killed an ogre
  5026 | D:4      | Reached XP level 6. HP: 45/45 MP: 2/15
  5185 | D:4      | Found a blossoming altar of Fedhas.
  5385 | D:4      | Killed Herrn's ghost
  5385 | D:4      | Reached skill level 6 in Conjurations
  5620 | D:4      | Acquired Vehumet's first power
  5620 | D:4      | Offered knowledge of Shock by Vehumet.
  5620 | D:4      | Reached skill level 5 in Spellcasting
  5747 | D:4      | Your scales start taking on a lurid green colour.
  5747 | D:4      | Gained mutation: Your system is resistant to poisons. [draconian maturity]
  5747 | D:4      | Reached XP level 7. HP: 50/50 MP: 15/18
  6384 | D:4      | Found a bloodstained altar of Trog.
  6385 | D:4      | Found a shattered altar of Ashenzari.
  6470 | D:4      | Reached skill level 7 in Conjurations
  6864 | D:5      | Entered Level 5 of the Dungeon
  7090 | D:5      | Found a staircase to the Ecumenical Temple.
  7402 | D:5      | Reached XP level 8. HP: 57/57 MP: 15/21
  7404 | D:5      | Offered knowledge of Sandblast by Vehumet.
  7540 | D:5      | Reached skill level 8 in Conjurations
  9264 | D:6      | Reached skill level 9 in Conjurations
  9338 | D:6      | Offered knowledge of Throw Flame by Vehumet.
  9521 | D:6      | Acquired Vehumet's second power
  9671 | D:6      | Reached XP level 9. HP: 62/62 MP: 9/25
  9792 | D:6      | Found a snail-covered altar of Cheibriados.
 10188 | D:7      | Learned a level 5 spell: Iskenderun's Battlesphere
 10193 | D:7      | Learned a level 4 spell: Fulminant Prism
 10216 | D:7      | Offered knowledge of Sticky Flame by Vehumet.
 10458 | D:7      | Noticed haldagan's ghost (experienced MiAK)
 10883 | D:6      | Reached skill level 10 in Conjurations
 11081 | D:7      | Learned a level 4 spell: Sticky Flame
 11355 | D:7      | Acquired Vehumet's third power
 11456 | D:7      | Killed haldagan's ghost
 12306 | D:7      | Reached XP level 10. HP: 66/69 MP: 16/28
 12800 | D:8      | Reached skill level 11 in Conjurations
 12803 | D:8      | Reached skill level 10 in Spellcasting
 12812 | D:8      | Offered knowledge of Olgreb's Toxic Radiance by Vehumet.
 12932 | D:8      | Learned a level 4 spell: Olgreb's Toxic Radiance
 12957 | D:8      | Reached skill level 1 in Poison Magic
 13368 | D:8      | Reached skill level 1 in Fighting
 13536 | D:8      | Found a basalt altar of Yredelemnul.
 13538 | D:8      | Got a steaming cloak
 13544 | D:8      | Identified the cursed +2 cloak of the Shining One {rPois Dex+1} (You found it on level 8 of the Dungeon)
 14047 | D:8      | Found a stormy altar of Qazlal.
 14119 | D:9      | Learned a level 5 spell: Force Lance
 14120 | D:9      | Found Stef's General Store.
 14221 | D:9      | Found Xoacat's Weapon Boutique.
 14506 | D:9      | Found Cuc Tumo's Jewellery Shop.
 14536 | D:9      | Bought the amulet of Donak {Ward rPois rN+} for 445 gold pieces
 14733 | D:9      | Found Kachaabi's Magic Scroll Shoppe.
 14776 | D:9      | Noticed a hill giant
 14988 | D:9      | Offered knowledge of Conjure Ball Lightning by Vehumet.
 15066 | D:9      | Killed a hill giant
 15150 | D:9      | Reached skill level 5 in Fighting
 15314 | D:10     | Entered Level 10 of the Dungeon
 15335 | D:10     | Reached XP level 11. HP: 86/86 MP: 22/29
 15774 | D:10     | Noticed a hill giant
 15781 | D:10     | Killed a hill giant
 15781 | D:10     | Reached skill level 5 in Dodging
 15795 | D:10     | Learned a level 6 spell: Freezing Cloud
 15963 | D:10     | Reached skill level 1 in Ice Magic
 15963 | D:10     | Reached skill level 1 in Air Magic
 16477 | D:10     | Found a staircase to the Lair.
 16486 | D:10     | You fall through a shaft for 3 floors!
 16734 | D:13     | Noticed Erolcha
 16741 | D:13     | Killed Erolcha
 16951 | D:13     | Noticed a centaur warrior
 17703 | D:10     | Reached skill level 5 in Air Magic
 17908 | D:10     | Offered knowledge of Poisonous Cloud by Vehumet.
 17946 | D:10     | Reached skill level 5 in Ice Magic
 18096 | Lair:1   | Entered Level 1 of the Lair of Beasts
 18196 | Lair:1   | Found a dark tunnel.
 18204 | Volcano  | Entered a volcano
 19517 | Lair:1   | Reached XP level 12. HP: 95/95 MP: 19/30
 19630 | Lair:1   | Noticed a seven-headed hydra
 19633 | Lair:1   | Killed a seven-headed hydra
 21443 | Lair:3   | Learned a level 6 spell: Poisonous Cloud
 21709 | Lair:3   | Identified the Disquisition on Shifting Stones
 21794 | Lair:3   | Noticed an eight-headed hydra
 21798 | Lair:3   | Killed an eight-headed hydra
 21985 | Lair:3   | Reached skill level 12 in Spellcasting
 22507 | Lair:3   | Reached skill level 5 in Poison Magic
 23159 | Lair:4   | Found a staircase to the Swamp.
 23535 | Lair:4   | Found a hole to the Spider Nest.
 24072 | Lair:5   | Upgraded the game from 0.16-a0-269-gd5b6136 to 0.16-a0-282-ga87e286
 24254 | Lair:5   | Reached XP level 13. HP: 102/102 MP: 25/33
 24548 | Lair:5   | Noticed a seven-headed hydra
 24873 | Lair:5   | Killed a seven-headed hydra
 24997 | Lair:5   | Reached skill level 1 in Shields
 25234 | Lair:5   | Got a pair of pitted gloves
 25240 | Lair:5   | Identified the cursed +0 pair of gloves of Xamayd {rF+} (You found it on level 5 of the Lair of Beasts)
 25345 | Lair:5   | Noticed a six-headed hydra
 25350 | Lair:5   | Killed a six-headed hydra
 25881 | Lair:6   | Reached skill level 5 in Shields
 27141 | Lair:7   | Found a staircase to the Slime Pits.
 28097 | Lair:7   | Reached skill level 10 in Shields
 28104 | Lair:7   | Gained mutation: Your tail ends in a sharp poisonous barb. [draconian growth]
 28104 | Lair:7   | Reached XP level 14. HP: 108/108 MP: 16/34
 28362 | Lair:7   | Offered knowledge of Iron Shot by Vehumet.
 29242 | Lair:8   | Entered Level 8 of the Lair of Beasts
 30109 | Lair:8   | Reached skill level 1 in Evocations
 30301 | Lair:8   | Offered knowledge of Bolt of Draining by Vehumet.
 30482 | Lair:8   | Reached skill level 5 in Evocations
 30683 | Lair:8   | Identified the Grimoire of Sinister Arts (You found it on level 8 of the Lair of Beasts)
 31738 | D:11     | Noticed Crauler's ghost (powerful OgBe)
 32222 | D:11     | Killed Crauler's ghost
 32931 | D:12     | Found Sinemal's Antique Weapon Boutique.
 33174 | D:12     | Noticed a five-headed hydra
 33177 | D:12     | Killed a five-headed hydra
 33195 | D:12     | Found a staircase to the Orcish Mines.
 33718 | Orc:1    | Entered Level 1 of the Orcish Mines
 33781 | Orc:1    | Offered knowledge of Orb of Destruction by Vehumet.
 33836 | Orc:1    | Reached XP level 15. HP: 110/115 MP: 8/35
 35015 | Orc:3    | Found a flagged portal.
 35017 | Orc:3    | Offered knowledge of Poison Arrow by Vehumet.
 35183 | Orc:3    | Found a roughly hewn altar of Beogh.
 35364 | Orc:4    | Entered Level 4 of the Orcish Mines
 35371 | Orc:4    | Noticed Zrachosh's ghost (powerful DrCj)
 35754 | Orc:4    | Reached skill level 13 in Spellcasting
 35951 | Orc:3    | Learned a level 6 spell: Poison Arrow
 36112 | Orc:4    | Found a staircase to the Elven Halls.
 36429 | Orc:4    | Offered knowledge of Delayed Fireball by Vehumet.
 37716 | Orc:4    | Found Qaonavim's Assorted Antiques.
 37716 | Orc:4    | Found Bled's Magic Scroll Shoppe.
 37716 | Orc:4    | Found Okiesk's Weapon Emporium.
 37716 | Orc:4    | Found Phuup's Weapon Shoppe.
 37863 | Orc:4    | Bought a scroll of acquirement for 780 gold pieces
 38046 | D:13     | Killed a centaur warrior
 38244 | D:13     | Reached skill level 10 in Air Magic
 38402 | D:13     | Noticed Fannar
 38410 | D:13     | Killed Fannar
 38594 | D:13     | Noticed a four-headed hydra
 38599 | D:13     | Killed a four-headed hydra
 39616 | D:14     | Found a gate to the Vaults.
 39792 | D:14     | Found a shadowy altar of Dithmenos.
 39792 | D:14     | Noticed Snorg
 39800 | D:14     | Killed Snorg
 40230 | D:14     | Offered knowledge of Lehudib's Crystal Spear by Vehumet.
 40230 | D:14     | Offered knowledge of Glaciate by Vehumet.
 40230 | D:14     | Offered knowledge of Chain Lightning by Vehumet.
 40319 | D:15     | Entered Level 15 of the Dungeon
 40599 | D:15     | Noticed Roxanne
 40734 | D:15     | Killed Roxanne
 40740 | D:15     | Identified Roxanne's Reference Book on Shape Shifting and Clay (You took it off Roxanne on level 15 of the Dungeon)
 41255 | D:15     | Found a staircase to the Depths.
 41623 | D:15     | Found a blossoming altar of Fedhas.
 41850 | D:15     | Reached XP level 16. HP: 122/122 MP: 22/36
 41928 | D:15     | Gained mutation: You are somewhat resistant to further mutation. [potion of beneficial mutation]
 42231 | Swamp:1  | Entered Level 1 of the Swamp
 42231 | Swamp:1  | Noticed Nikola
 42326 | Lair:4   | Killed Nikola
 43058 | Swamp:1  | Reached skill level 14 in Conjurations
 43078 | Swamp:1  | Found a radiant altar of Vehumet.
 44868 | Swamp:3  | Reached skill level 15 in Conjurations
 44965 | Swamp:3  | Noticed a tentacled monstrosity
 46287 | Swamp:3  | Killed a tentacled monstrosity
 46614 | Swamp:4  | Reached skill level 16 in Conjurations
 46920 | Swamp:4  | Found a deep blue altar of Sif Muna.
 47582 | Swamp:5  | Entered Level 5 of the Swamp
 47890 | Swamp:5  | Reached XP level 17. HP: 128/128 MP: 6/37
 48110 | Swamp:5  | Noticed Asterion
 48469 | Swamp:5  | Got a decaying rune of Zot
 48936 | Swamp:2  | Learned a level 7 spell: Orb of Destruction
 49077 | Spider:1 | Entered Level 1 of the Spider Nest
 49082 | Spider:1 | Noticed Azrael
 49088 | Spider:1 | Killed Azrael
 49504 | Lair:4   | Reached skill level 10 in Dodging
 49814 | Spider:1 | Noticed Nessos
 49818 | Spider:1 | Killed Nessos
 50686 | Spider:2 | Noticed Frances
 50690 | Spider:2 | Killed Frances
 50915 | Spider:2 | Noticed Agnes
 50923 | Spider:2 | Killed Agnes
 51161 | Spider:2 | Noticed Arachne
 51618 | Spider:2 | Killed Arachne
 55323 | Spider:4 | Noticed Louise
 55416 | Spider:4 | Killed Louise
 55858 | Spider:5 | Entered Level 5 of the Spider Nest
 56223 | Spider:5 | Reached XP level 18. HP: 135/135 MP: 27/38
 59400 | Spider:5 | Reached skill level 15 in Air Magic
 59662 | Spider:5 | Got a gossamer rune of Zot
 60115 | Elf:1    | Entered Level 1 of the Elven Halls
 60118 | Elf:1    | Noticed Kirke
 60136 | Elf:1    | Killed Kirke
 61111 | Elf:1    | Reached skill level 15 in Spellcasting
 61372 | Elf:1    | Found a deep blue altar of Sif Muna.
 62083 | Elf:2    | Reached skill level 17 in Conjurations
 62541 | Elf:2    | Found Idiag's Magic Scroll Shoppe.
 62546 | Elf:2    | Bought a scroll of blinking for 135 gold pieces
 62953 | Elf:3    | Entered Level 3 of the Elven Halls
 63010 | Elf:3    | Found Imeodeyt's Assorted Antiques.
 63016 | Elf:3    | Bought a slimy steel ring for 135 gold pieces
 63017 | Elf:3    | Identified the ring "Hymnuyn" {+Blink Dex+3} (You bought it in a shop on level 3 of the Elven Halls)
 63217 | Elf:3    | Noticed Wiglaf
 63376 | Elf:3    | Killed Wiglaf
 63620 | Elf:3    | Found a frozen archway.
 63655 | IceCv    | Entered an ice cave
 65384 | IceCv    | Reached XP level 19. HP: 141/141 MP: 30/39
 66410 | Elf:3    | Noticed Saint Roka
 66766 | Elf:3    | Cast into the Abyss (deep elf sorcerer)
 67216 | Abyss:1  | Gained mutation: You occasionally shout uncontrollably at your foes. [a neqoxec]
 67303 | Abyss:1  | Noticed a profane servitor
 67376 | Abyss:1  | Found a corrupted altar of Lugonu.
 68204 | Abyss:1  | Paralysed by you for 6 turns
 68375 | Abyss:1  | Noticed a bone dragon
 68855 | Abyss:1  | Gained mutation: Your body is misshapen. [a neqoxec]
 68912 | Abyss:1  | Paralysed by accursed screaming for 1 turns
 69073 | Abyss:1  | Noticed a bone dragon
 69102 | Abyss:1  | Found a corrupted altar of Lugonu.
 69115 | Abyss:1  | Learned a level 6 spell: Deflect Missiles
 69154 | Abyss:1  | Reached skill level 1 in Charms
 69255 | Abyss:1  | Noticed a profane servitor
 69259 | Abyss:1  | Killed a profane servitor
 69561 | Abyss:1  | Noticed a profane servitor
 69640 | Abyss:1  | Reached skill level 5 in Charms
 70219 | Abyss:1  | Found a corrupted altar of Lugonu.
 70306 | Abyss:1  | Found a corrupted altar of Lugonu.
 70405 | Abyss:1  | Found a corrupted altar of Lugonu.
 70416 | Elf:3    | Escaped the Abyss
 70536 | Orc:4    | Killed Zrachosh's ghost
 71176 | Swamp:4  | Lost mutation: You are somewhat resistant to further mutation. [potion of cure mutation]
 71176 | Swamp:4  | Lost mutation: You can breathe flames. [potion of cure mutation]
 71176 | Swamp:4  | Lost mutation: Your body is misshapen. [potion of cure mutation]
 71580 | Vaults:1 | Entered Level 1 of the Vaults
 72343 | Vaults:1 | Found Trotzy's Antique Weapon Boutique.
 72351 | Vaults:1 | Found Ikeilepp's Assorted Antiques.
 72359 | Vaults:1 | Bought 2 potions of curing for 140 gold pieces
 72359 | Vaults:1 | Bought a scroll of blinking for 262 gold pieces
 72359 | Vaults:1 | Bought a scroll of blinking for 262 gold pieces
 72359 | Vaults:1 | Bought a murky cyan potion for 31 gold pieces
 72416 | Vaults:1 | Found Shruniw's Book Shoppe.
 72430 | Vaults:1 | Found Prat's Jewellery Shop.
 72467 | Vaults:1 | Bought the ring of the Pure Orbs {+/*Tele Str-1 Int+3} for 459 gold pieces
 72467 | Vaults:1 | Bought an uncursed amulet of resist mutation for 640 gold pieces
 72744 | Vaults:1 | Found Buclarch's Book Emporium.
 73148 | Vaults:1 | Reached XP level 20. HP: 148/148 MP: 29/40
 73674 | Vaults:1 | Your ally Ninohui died
 74370 | Vaults:1 | Found Hayf Blu's Armour Shoppe.
 74670 | Vaults:2 | Found Cirum's Antique Weapon Shop.
 74679 | Vaults:2 | Found Iwulium's Antique Armour Shop.
 74701 | Vaults:2 | Found a magical portal.
 74711 | WizLab   | Entered The Hall of Zuluor the Hellbinder
 74839 | WizLab   | Reached skill level 18 in Air Magic
 75328 | WizLab   | Found a burning altar of Makhleb.
 75374 | WizLab   | Identified a cursed +5 rod of shadows (12/12) (You found it in a wizard's laboratory)
 75380 | WizLab   | Identified the Compendium of Parts Unknown
 75403 | WizLab   | Identified a +6 rod of shadows (14/14) (You found it in a wizard's laboratory)
 75414 | WizLab   | Identified Psushoja's Papyrus of Calling
 75661 | Vaults:2 | Learned a level 9 spell: Tornado
 76406 | Vaults:2 | Bought a pair of ancient boots for 370 gold pieces
 76417 | Vaults:2 | Identified the +1 pair of boots of Fedhas' Pride {rF+ Dex+1} (You bought it in a shop on level 2 of the Vaults)
 76437 | Vaults:2 | Reached skill level 19 in Air Magic
 78103 | Vaults:2 | Reached skill level 20 in Air Magic
 78615 | Vaults:3 | Reached XP level 21. HP: 155/155 MP: 26/41
 78751 | Vaults:3 | Found a staircase to the Crypt.
 79862 | Vaults:4 | Reached skill level 21 in Air Magic
 79944 | Vaults:4 | Noticed Mara
 79947 | Vaults:4 | Noticed Letchik's illusion
 80247 | Vaults:4 | Lost mutation: Your tail ends in a sharp poisonous barb. [helix card]
 80251 | Vaults:4 | Gained mutation: You have a pair of small horns on your head. [helix card]
 80406 | Vaults:4 | Your ally Poehecw Offy died
 80425 | Vaults:4 | Killed Mara
 81917 | Vaults:4 | Reached skill level 22 in Air Magic
 82430 | Vaults:5 | Entered Level 5 of the Vaults
 82494 | Vaults:5 | Reached XP level 22. HP: 147/161 MP: 13/42
 82753 | Vaults:5 | Reached skill level 23 in Air Magic
 83640 | Vaults:5 | Identified the Guide on the Escort
 83793 | Vaults:5 | Got a scintillating golden ring
 83797 | Vaults:5 | Identified the ring of Ewud {+Inv rC+ Int+1} (You took it off a fire giant on level 5 of the Vaults)
 84563 | Vaults:5 | Reached skill level 24 in Air Magic
 84651 | Vaults:5 | Noticed Mennas
 84846 | Vaults:5 | Killed Mennas
 85248 | Vaults:5 | Noticed Sojobo
 85561 | Vaults:5 | Killed Sojobo
 85952 | Vaults:5 | Learned a level 3 spell: Flight
 86277 | Vaults:5 | Noticed an ancient lich
 86707 | Vaults:5 | Killed an ancient lich
 86707 | Vaults:5 | Reached XP level 23. HP: 147/167 MP: 16/43
 86793 | Vaults:5 | Got a silver rune of Zot
 87149 | Vaults:5 | Learned a level 8 spell: Chain Lightning
 87441 | Depths:1 | Entered Level 1 of the Depths
 87490 | Depths:1 | Found a gateway to Hell.
 87746 | Depths:1 | Found a one-way gate to the infinite horrors of the Abyss.
 88483 | Depths:2 | Noticed SkaryMonk's ghost (mighty OpAr)
 88572 | Depths:2 | Killed SkaryMonk's ghost
 88651 | Depths:2 | Found a sparkling altar of Nemelex Xobeh.
 89048 | Depths:2 | Learned a level 6 spell: Haste
 89472 | Depths:2 | Got an ancient glaive
 89478 | Depths:2 | Identified the cursed +0 glaive of Fate {chop, Dex+4 Int+2} (You took it off a vampire on level 2 of the Depths)
 89780 | Depths:3 | Found a one-way gate leading to the halls of Pandemonium.
 89831 | Depths:3 | Reached XP level 24. HP: 85/174 MP: 15/44
 89859 | Depths:2 | Reached skill level 10 in Charms
 90736 | Depths:3 | Found a gateway to a ziggurat.
 92129 | Depths:4 | Identified the Reference Book on the Destructive Birds
 92138 | Depths:4 | Reached skill level 15 in Dodging
 93689 | Depths:4 | Identified the Volume of Aid and Unholy Rituals (You found it on level 4 of the Depths)
 94070 | Depths:4 | Reached skill level 10 in Evocations
 94704 | Depths:5 | Entered Level 5 of the Depths
 94936 | Depths:4 | Paralysed by a great orb of eyes for 7 turns
 95529 | Depths:5 | Reached XP level 25. HP: 70/180 MP: 20/45
 96274 | Depths:5 | Found a gate to the Realm of Zot.
 96622 | Depths:5 | Learned a level 2 spell: Sublimation of Blood
 97359 | Elf:3    | Reached skill level 1 in Necromancy
 97656 | Elf:3    | Reached skill level 5 in Necromancy
 98005 | Elf:3    | Learned a level 1 spell: Apportation
 98059 | Elf:3    | Identified the Collected Works on Destructive Envenoming
 98065 | Elf:3    | Got a scintillating tin ring
 98071 | Elf:3    | Identified the ring of the Ancient Seas {rPois rF++ rN+ SInv} (You found it on level 3 of the Elven Halls)
 98150 | Elf:3    | Killed Saint Roka
 98735 | Slime:1  | Entered Level 1 of the Pits of Slime
 99453 | Slime:6  | Entered Level 6 of the Pits of Slime
 99471 | Slime:6  | Paralysed by a great orb of eyes for 3 turns
 99488 | Slime:6  | Noticed the royal jelly
 99760 | Slime:6  | Killed the royal jelly
 99968 | Slime:6  | Reached XP level 26. HP: 153/199 MP: 27/46
100608 | Slime:6  | Learned a level 2 spell: Blink
100675 | Slime:6  | Got a pitted glass ring
100677 | Slime:6  | Identified the cursed ring "Klohuafy" {Contam Dex-3} (You found it on level 6 of the Pits of Slime)
100775 | Slime:6  | Got a slimy rune of Zot
100795 | Slime:6  | Got a transparent silver ring
100797 | Slime:6  | Identified the ring "Shring" {+Inv MR+ Int+3} (You found it on level 6 of the Pits of Slime)
101447 | Crypt:1  | Entered Level 1 of the Crypt
101476 | Crypt:1  | Noticed Khufu
102084 | Crypt:1  | Killed Khufu
102993 | Crypt:1  | Reached skill level 10 in Fighting
104067 | Depths:4 | Learned a level 8 spell: Lehudib's Crystal Spear
104306 | Vaults:3 | Reached skill level 1 in Earth Magic
105035 | Crypt:2  | Reached skill level 5 in Earth Magic
105448 | Crypt:2  | Found an ancient bone altar of Kikubaaqudgha.
106180 | Crypt:3  | Entered Level 3 of the Crypt
107294 | Crypt:3  | Found a staircase to the Tomb.
107571 | Crypt:3  | Identified a +3 rod of striking (10/10) (You found it on level 3 of the Crypt)
108360 | Crypt:3  | Noticed an ancient lich
108369 | Crypt:3  | Killed an ancient lich
108369 | Crypt:3  | Reached skill level 10 in Earth Magic
109354 | Crypt:3  | Found an ancient bone altar of Kikubaaqudgha.
109361 | Crypt:3  | Noticed an ancient lich
109369 | Crypt:3  | Killed an ancient lich
109673 | Crypt:3  | Reached XP level 27. HP: 215/215 MP: 41/47
109717 | Crypt:3  | Noticed an ancient lich
109722 | Crypt:3  | Killed an ancient lich
110432 | Depths:1 | Voluntarily entered the Abyss.
110657 | Abyss:2  | Found a corrupted altar of Lugonu.
110773 | Abyss:2  | Got a twisted hand crossbow
110774 | Abyss:2  | Identified the +3 hand crossbow of the Sage {elec, rF+ MR+ Dex-3} (You acquired it on level 2 of the Abyss)
111035 | Abyss:2  | Gained mutation: You are frail (-10% HP). [a neqoxec]
111194 | Abyss:3  | Found a corrupted altar of Lugonu.
111390 | Abyss:3  | Found a glowing golden altar of the Shining One.
111533 | Abyss:3  | Reached skill level 10 in Necromancy
113112 | Abyss:3  | Got a pitted jade amulet
113113 | Abyss:3  | Identified the amulet of Devotion {+Rage Slay+5} (You found it on level 3 of the Abyss)
114453 | Abyss:4  | Found a corrupted altar of Lugonu.
114550 | Depths:1 | Escaped the Abyss
114836 | Vaults:5 | Gained mutation: You can translocate small distances at will. [potion of beneficial mutation]
115118 | Depths:1 | Voluntarily entered the Abyss.
115118 | Abyss:1  | Found a corrupted altar of Lugonu.
115133 | Abyss:1  | Found a shimmering altar of Xom.
115141 | Abyss:1  | Reached skill level 15 in Earth Magic
115210 | Abyss:1  | Found a corrupted altar of Lugonu.
115323 | Abyss:3  | Got an abyssal rune of Zot
115353 | Abyss:3  | Reached skill level 15 in Necromancy
115747 | Depths:1 | Escaped the Abyss
115906 | Depths:4 | Learned a level 8 spell: Necromutation
116071 | Zot:1    | Entered Level 1 of the Realm of Zot
116073 | Zot:1    | Reached skill level 1 in Transmutations
116352 | Zot:1    | Reached skill level 5 in Transmutations
118276 | Zot:3    | Reached skill level 10 in Transmutations
120378 | Zot:5    | Entered Level 5 of the Realm of Zot
120474 | Zot:5    | Reached skill level 15 in Transmutations
122224 | Zot:5    | Noticed an orb of fire
122230 | Zot:5    | Killed an orb of fire
122680 | Zot:5    | Noticed an orb of fire
122689 | Zot:5    | Noticed an orb of fire
122714 | Zot:5    | Killed an orb of fire
122715 | Zot:5    | Killed an orb of fire
122832 | Zot:5    | Noticed an orb of fire
122838 | Zot:5    | Noticed an orb of fire
122838 | Zot:5    | Killed an orb of fire
122843 | Zot:5    | Killed an orb of fire
122891 | Zot:5    | Noticed an ancient lich
122895 | Zot:5    | Killed an ancient lich
123081 | Zot:5    | Noticed an orb of fire
123081 | Zot:5    | Noticed an ancient lich
123105 | Zot:5    | Gained mutation: You are dopey. (Int -2) [an orb of fire]
123126 | Zot:5    | Killed an orb of fire
123300 | Zot:5    | Killed an ancient lich
123303 | Zot:5    | Noticed an orb of fire
123468 | Zot:5    | Killed an orb of fire
123475 | Zot:5    | Noticed an ancient lich
123629 | Zot:5    | Killed an ancient lich
123850 | Zot:5    | Noticed an orb of fire
123900 | Zot:5    | Killed an orb of fire
124242 | Zot:5    | Noticed an orb of fire
124246 | Zot:5    | Gained mutation: Your body is slowly deteriorating. [an orb of fire]
124252 | Zot:5    | Killed an orb of fire
125570 | Zot:5    | Noticed an orb of fire
125716 | Zot:5    | Killed an orb of fire
127036 | Tomb:1   | Entered Level 1 of the Tomb of the Ancients
127588 | Tomb:1   | Reached skill level 25 in Air Magic
128925 | Tomb:2   | Noticed Jory
128935 | Tomb:2   | Killed Jory
129193 | Tomb:2   | Reached skill level 15 in Fighting
130892 | Tomb:1   | Reached skill level 15 in Evocations
131915 | Tomb:1   | Paralysed by a chaos spawn for 6 turns
133554 | Tomb:2   | Gained mutation: You can breathe flames. [potion of beneficial mutation]
133677 | Tomb:3   | Entered Level 3 of the Tomb of the Ancients
134501 | Tomb:3   | Noticed an ancient lich
134509 | Tomb:3   | Killed an ancient lich
134658 | Tomb:3   | Got a golden rune of Zot
134686 | Tomb:3   | Noticed an ancient lich
134691 | Tomb:3   | Killed an ancient lich
135020 | Tomb:3   | Got a twitching pewter ring
135022 | Tomb:3   | Identified the ring "Deted" {SustAb +Blink rC+ SInv} (You found it on level 3 of the Tomb of the Ancients)
135048 | Tomb:3   | Got a vibrating iron ring
135050 | Tomb:3   | Identified the ring of Jicze {rN+ SInv} (You found it on level 3 of the Tomb of the Ancients)
135830 | Vaults:1 | Bought a scroll of magic mapping for 122 gold pieces
135995 | D:9      | Bought a scroll of magic mapping for 49 gold pieces
135995 | D:9      | Bought a scroll of recharging for 133 gold pieces
135995 | D:9      | Bought 2 scrolls of magic mapping for 98 gold pieces
135995 | D:9      | Bought a scroll of recharging for 133 gold pieces
136199 | Elf:2    | Bought a scroll of magic mapping for 63 gold pieces
136199 | Elf:2    | Bought a scroll of recharging for 171 gold pieces
136199 | Elf:2    | Bought 3 scrolls of recharging for 513 gold pieces
136199 | Elf:2    | Bought a scroll of recharging for 171 gold pieces
136594 | Pan      | Entered Pandemonium
136812 | Pan      | Found a white marble altar of Elyvilon.
137955 | Pan      | Reached skill level 1 in Staves
138553 | Pan      | Reached skill level 5 in Staves
139154 | Pan      | Found a glowing silver altar of Zin.
139167 | Pan      | Lost mutation: You have a pair of small horns on your head. [potion of cure mutation]
139167 | Pan      | Lost mutation: You are frail (-10% HP). [potion of cure mutation]
139167 | Pan      | Lost mutation: You can translocate small distances at will. [potion of cure mutation]
139167 | Pan      | Lost mutation: You are dopey. (Int -2) [potion of cure mutation]
139167 | Pan      | Lost mutation: You are covered in fur (AC +1). [potion of cure mutation]
139167 | Pan      | Lost mutation: Your body is slowly deteriorating. [potion of cure mutation]
139463 | Pan      | Lost mutation: You occasionally shout uncontrollably at your foes. [potion of cure mutation]
139463 | Pan      | Lost mutation: You can breathe flames. [potion of cure mutation]
140004 | Pan      | Reached skill level 10 in Staves
141722 | Pan      | Got an ancient iron ring
141976 | Pan      | Got a faintly glowing wooden ring
142147 | Pan      | Found a glowing golden altar of the Shining One.
142244 | Pan      | Got a demonic rune of Zot
143434 | Pan      | Gained mutation: Your spells are a little easier to cast, but a little less powerful. [a cacodemon]
144421 | Pan      | Entered the realm of Gloorx Vloq.
144499 | Pan      | Found an exit through the horrors of the Abyss.
144731 | Pan      | Identified the ring of Coronation {+cTele Int+4} (You took it off a daeva in Pandemonium)
144732 | Pan      | Identified the ring of Luucogun {+cTele Str+1 Int-3} (You took it off an angel in Pandemonium)
144745 | Pan      | Noticed Gloorx Vloq
144767 | Pan      | Killed Gloorx Vloq
144885 | Pan      | Got a dark rune of Zot
145181 | Pan      | Got a slimy lajatang
145214 | Pan      | Noticed Sheraer the pandemonium lord
145916 | Pan      | Reached skill level 15 in Shields
146641 | Pan      | Found an exit through the horrors of the Abyss.
146652 | Pan      | Found an exit through the horrors of the Abyss.
146694 | Pan      | Noticed Kloviwko the pandemonium lord
146700 | Pan      | Killed Kloviwko the pandemonium lord
148609 | Pan      | Reached skill level 5 in Stealth
148692 | Pan      | Noticed Ashoeh the pandemonium lord
148698 | Pan      | Killed Ashoeh the pandemonium lord
148718 | Depths:3 | Escaped Pandemonium
148869 | Depths:4 | Learned a level 8 spell: Death's Door
149071 | Pan      | Entered Pandemonium
149145 | Pan      | Noticed Twuoneqa the pandemonium lord
149162 | Pan      | Killed Twuoneqa the pandemonium lord
149519 | Pan      | Found an exit through the horrors of the Abyss.
150168 | Pan      | Identified the Grimoire of Lethal Confrontation (You found it in Pandemonium)
150230 | Pan      | Noticed Pomelopp the pandemonium lord
150235 | Pan      | Noticed Usiqaumn the pandemonium lord
150339 | Pan      | Noticed Pojauj the pandemonium lord
150348 | Pan      | Killed Pojauj the pandemonium lord
151104 | Pan      | Found a gateway to a ziggurat.
151167 | Zig:1    | Entered Level 1 of a ziggurat
151186 | Zig:2    | Entered Level 2 of a ziggurat
151449 | Zig:3    | Entered Level 3 of a ziggurat
151471 | Zig:4    | Entered Level 4 of a ziggurat
151600 | Zig:5    | Entered Level 5 of a ziggurat
151737 | Zig:6    | Entered Level 6 of a ziggurat
151773 | Zig:6    | Lost mutation: Your spells are a little easier to cast, but a little less powerful. [potion of cure mutation]
151863 | Zig:7    | Entered Level 7 of a ziggurat
151880 | Zig:7    | Identified the Incunabulum of Darkness
152015 | Zig:8    | Entered Level 8 of a ziggurat
152154 | Zig:9    | Entered Level 9 of a ziggurat
152296 | Zig:10   | Entered Level 10 of a ziggurat
152329 | Zig:10   | Got a pair of ichor-stained gloves
152330 | Zig:10   | Identified the cursed +2 pair of gloves of Boafaob {Str+3 Dex+4} (You found it on level 10 of a ziggurat)
152345 | Zig:10   | Identified a -1 rod of the swarm (14/14) (You found it on level 6 of a ziggurat)
152351 | Zig:10   | Identified a +7 rod of the swarm (11/11) (You found it on level 10 of a ziggurat)
152425 | Zig:11   | Entered Level 11 of a ziggurat
152648 | Zig:12   | Entered Level 12 of a ziggurat
152879 | Zig:13   | Entered Level 13 of a ziggurat
152915 | Zig:13   | Got a heavily runed marble ring
152916 | Zig:13   | Identified the ring of the Messenger {AC+4 Slay+5} (You found it on level 13 of a ziggurat)
152923 | Zig:13   | Reached skill level 10 in Stealth
152926 | Zig:13   | Identified Chabos' Further Progress in Magic
153030 | Zig:14   | Entered Level 14 of a ziggurat
153080 | Zig:14   | Got a shimmering copper amulet
153082 | Zig:14   | Identified the amulet "Puschuo" {rCorr rElec rN+} (You found it on level 14 of a ziggurat)
153258 | Zig:15   | Entered Level 15 of a ziggurat
153270 | Zig:15   | Noticed Xorhoufu the pandemonium lord
153273 | Zig:15   | Noticed Kachimm the pandemonium lord
153274 | Zig:15   | Noticed Voimpys the pandemonium lord
153280 | Zig:15   | Killed Xorhoufu the pandemonium lord
153291 | Zig:15   | Killed Kachimm the pandemonium lord
153292 | Zig:15   | Killed Voimpys the pandemonium lord
153313 | Zig:15   | Got a sparkling zirconium amulet
153314 | Zig:15   | Identified the amulet "Zaedoupn" {rCorr rF- rC+} (You found it on level 15 of a ziggurat)
153513 | Zig:16   | Entered Level 16 of a ziggurat
153567 | Zig:16   | Noticed Clux the pandemonium lord
153576 | Zig:16   | Killed Clux the pandemonium lord
154037 | Zig:16   | Got a pair of warped boots
154038 | Zig:16   | Identified the +2 pair of boots "Xakuock" {Str+5 Dex-4} (You found it on level 16 of a ziggurat)
154044 | Zig:16   | Got a warped turquoise ring
154045 | Zig:16   | Identified the ring "Enish" {Fire rN+} (You found it on level 16 of a ziggurat)
154218 | Pan      | Found an exit through the horrors of the Abyss.
154772 | Pan      | Found an exit through the horrors of the Abyss.
155075 | Pan      | Noticed Shrepy the pandemonium lord
155084 | Pan      | Killed Shrepy the pandemonium lord
155523 | Pan      | Found an exit through the horrors of the Abyss.
156585 | Pan      | Found an exit through the horrors of the Abyss.
156615 | Pan      | Noticed Urhuumux the pandemonium lord
156624 | Pan      | Killed Urhuumux the pandemonium lord
156778 | Pan      | Entered the realm of Mnoleg.
156870 | Pan      | Found an exit through the horrors of the Abyss.
157409 | Pan      | Noticed Mnoleg
157416 | Pan      | Got a glowing rune of Zot
157633 | Pan      | Found an exit through the horrors of the Abyss.
157799 | Pan      | Noticed Ceclurhung the pandemonium lord
157945 | Pan      | Reached skill level 15 in Charms
158625 | Pan      | Found an exit through the horrors of the Abyss.
158839 | Pan      | Found an exit through the horrors of the Abyss.
158953 | Pan      | Noticed Trie the pandemonium lord
158966 | Pan      | Killed Trie the pandemonium lord
159115 | Pan      | Found a gateway to a ziggurat.
159381 | Pan      | Got a fine bronze ring
159385 | Pan      | Identified the ring "Jikkiasch" {-Tele rC+ MR+ MP+9} (You took it off an iron devil in Pandemonium)
159760 | Pan      | Entered the realm of Lom Lobon.
160238 | Pan      | Noticed Lom Lobon
160253 | Pan      | Got a magical rune of Zot
160411 | Pan      | Found an exit through the horrors of the Abyss.
160517 | Pan      | Noticed Griridao the pandemonium lord
160527 | Pan      | Killed Griridao the pandemonium lord
161075 | Pan      | Noticed Brym Ibed the pandemonium lord
161083 | Pan      | Killed Brym Ibed the pandemonium lord
161225 | Pan      | Noticed Vantafit the pandemonium lord
161251 | Pan      | Killed Vantafit the pandemonium lord
162067 | Pan      | Found an exit through the horrors of the Abyss.
162242 | Pan      | Entered the realm of Cerebov.
162593 | Pan      | Noticed Cerebov
163288 | Pan      | Got a fiery rune of Zot
163305 | Pan      | Found an exit through the horrors of the Abyss.
163600 | Pan      | Found an exit through the horrors of the Abyss.
163610 | Pan      | Took an exit into the Abyss.
163610 | Abyss:1  | Escaped into the Abyss
163610 | Abyss:1  | Found a corrupted altar of Lugonu.
163621 | Depths:3 | Escaped the Abyss
163659 | Hell     | Entered the Vestibule of Hell
163659 | Hell     | Noticed Geryon
163679 | Hell     | Killed Geryon
164191 | Hell     | Found a gateway to the freezing wastes of Cocytus.
164318 | Hell     | Found a gateway to the ashen valley of Gehenna.
164393 | Hell     | Found a gateway to the decaying netherworld of Tartarus.
164397 | Hell     | Reached skill level 15 in Stealth
164497 | Hell     | Found a gateway to the Iron City of Dis.
164629 | Dis:1    | Entered Level 1 of the Iron City of Dis
165695 | Dis:7    | Entered Level 7 of the Iron City of Dis
166051 | Dis:7    | Noticed Dispater
166066 | Dis:7    | Killed Dispater
166120 | Dis:7    | Got an iron rune of Zot
166375 | Tar:1    | Entered Level 1 of Tartarus
168032 | Tar:7    | Entered Level 7 of Tartarus
168383 | Tar:7    | Noticed Ereshkigal
168405 | Tar:7    | Got a bone rune of Zot
168792 | Coc:1    | Entered Level 1 of Cocytus
171365 | Coc:5    | Reached skill level 26 in Air Magic
171813 | Coc:7    | Entered Level 7 of Cocytus
171939 | Coc:7    | Reached skill level 27 in Air Magic
172050 | Coc:7    | Noticed the Serpent of Hell
172064 | Coc:7    | Killed the Serpent of Hell
172221 | Coc:7    | Noticed Antaeus
172233 | Coc:7    | Got an icy rune of Zot
172331 | Geh:1    | Entered Level 1 of Gehenna
173041 | Geh:7    | Entered Level 7 of Gehenna
173348 | Geh:7    | Noticed Asmodeus
173357 | Geh:7    | Got an obsidian rune of Zot
173996 | Zot:5    | Got the Orb of Zot
174146 | Depths:2 | Noticed Cluficve the pandemonium lord
174202 | D:15     | Noticed Pnyuph the pandemonium lord
174454 | D:1      | Noticed Ynelusui the pandemonium lord
174462 | D:1      | Killed Ynelusui the pandemonium lord
174527 | D:$      | Escaped with the Orb!

Action                   |  1- 3 |  4- 6 |  7- 9 | 10-12 | 13-15 | 16-18 | 19-21 | 22-24 | 25-27 || total
-------------------------+-------+-------+-------+-------+-------+-------+-------+-------+-------++-------
Melee: Unarmed           |    10 |       |       |       |       |       |       |       |       ||    10
       Falchion          |     1 |    18 |    51 |       |       |       |       |       |       ||    70
       Great sword       |       |       |     1 |     6 |     9 |       |       |       |       ||    16
       Staff             |       |       |       |    25 |    99 |   146 |   106 |    41 |   186 ||   603
 Cast: Magic Dart        |    65 |   104 |   305 |   520 |   786 |   247 |    28 |     1 |    22 ||  2078
       Searing Ray       |     5 |     5 |    38 |    40 |       |       |       |       |       ||    88
       Dazzling Spray    |       |    10 |    12 |     3 |    33 |     1 |       |       |       ||    59
       Iskenderun's Myst |       |     3 |    25 |    54 |    85 |    23 |       |       |       ||   190
       Iskenderun's Batt |       |       |    10 |    74 |   165 |   136 |    26 |       |       ||   411
       Fulminant Prism   |       |       |     6 |     4 |       |       |       |       |       ||    10
       Sticky Flame      |       |       |     1 |     2 |    13 |    13 |     1 |       |       ||    30
       Force Lance       |       |       |       |    84 |   253 |   119 |   112 |     8 |       ||   576
       Olgreb's Toxic Ra |       |       |       |     3 |       |       |       |       |       ||     3
       Freezing Cloud    |       |       |       |     6 |    95 |    75 |   175 |   180 |    40 ||   571
       Poisonous Cloud   |       |       |       |       |    43 |   161 |    30 |    11 |     3 ||   248
       Poison Arrow      |       |       |       |       |    28 |   274 |   155 |   271 |   118 ||   846
       Orb of Destructio |       |       |       |       |       |   118 |   358 |    96 |  1287 ||  1859
       Deflect Missiles  |       |       |       |       |       |       |     3 |     7 |    27 ||    37
       Tornado           |       |       |       |       |       |       |     9 |    46 |   593 ||   648
       Chain Lightning   |       |       |       |       |       |       |       |    82 |   292 ||   374
       Haste             |       |       |       |       |       |       |       |    18 |   220 ||   238
       Sublimation of Bl |       |       |       |       |       |       |       |       |     7 ||     7
       Lehudib's Crystal |       |       |       |       |       |       |       |       |  1561 ||  1561
       Necromutation     |       |       |       |       |       |       |       |       |   363 ||   363
       Apportation       |       |       |       |       |       |       |       |       |    22 ||    22
       Flight            |       |       |       |       |       |       |       |       |    21 ||    21
       Blink             |       |       |       |       |       |       |       |       |     3 ||     3
 Abil: Breathe Fire      |       |     2 |    15 |     6 |    28 |    14 |    11 |       |       ||    76
       Breathe Noxious F |       |       |    22 |    19 |    13 |    13 |     6 |     2 |     3 ||    78
       Evoke Teleportati |       |       |       |       |       |       |     1 |       |       ||     1
       End Transformatio |       |       |       |       |       |       |       |       |    18 ||    18
       Evoke Teleport Co |       |       |       |       |       |       |       |       |     4 ||     4
       Evoke Invisibilit |       |       |       |       |       |       |       |       |     3 ||     3
Evoke: Wand              |       |       |     1 |    10 |     6 |    14 |    13 |     2 |    64 ||   110
       Staff of energy   |       |       |       |    80 |   757 |   883 |  1117 |   816 |  7540 || 11193
       Crystal ball of e |       |       |       |       |       |     3 |       |    14 |    26 ||    43
       Deck              |       |       |       |       |       |       |     8 |       |       ||     8
       Rod               |       |       |       |       |       |       |     3 |       |     2 ||     5
       Phial of floods   |       |       |       |       |       |       |       |       |    12 ||    12
       Sack of spiders   |       |       |       |       |       |       |       |       |     3 ||     3
       Stone of tremors  |       |       |       |       |       |       |       |       |     4 ||     4
  Use: Scroll            |       |    10 |     5 |    13 |     9 |    26 |    29 |     8 |    94 ||   194
       Potion            |       |     4 |       |     2 |       |    12 |    12 |     7 |    44 ||    81
 Stab: Sleeping          |       |       |     2 |       |       |       |       |       |       ||     2
       Invisible         |       |       |     1 |       |     1 |     1 |       |       |       ||     3
  Eat: Chunk             |     5 |     7 |    15 |    39 |    95 |    86 |    38 |    44 |    60 ||   389
       Beef jerky        |       |     1 |     1 |     1 |       |     4 |     3 |     1 |     1 ||    12
       Pizza             |       |     1 |       |     1 |       |     5 |    10 |     1 |     5 ||    23
       Meat ration       |       |     1 |       |       |       |     1 |    11 |     6 |     9 ||    28
       Bread ration      |       |       |     3 |       |       |     1 |     1 |     1 |    34 ||    40
       Fruit             |       |       |       |     6 |     4 |    16 |     2 |     3 |    10 ||    41
       Royal jelly       |       |       |       |       |       |       |       |       |     1 ||     1
